 Dungeon Crawl Stone Soup version 0.28.0-49-g6dfe1f597d (webtiles) character file.

Game seed: 2903871473669100860

2174 CryoSword the Cleaver (level 9, -26/70 HPs)
             Began as a Ghoul Fighter on May 13, 2022.
             Annihilated by a phantasmal warrior (28 damage)
             ... led by a death knight
             ... on level 6 of the Dungeon.
             The game lasted 00:10:06 (6903 turns).

CryoSword the Cleaver (Ghoul Fighter)               Turns: 6903, Time: 00:10:06

Health: -26/70     AC: 18    Str: 19    XL:     9   Next: 32%
Magic:  8/8        EV:  9    Int:  4    God:
Gold:   35         SH:  5    Dex: 11    Spells: 8/8 levels left

rFire   . . .      SeeInvis .   y - +2 whip (freeze)
rCold   + . .      Faith    .   c - +0 buckler
rNeg    + + +      Spirit   .   b - +0 scale mail
rPois   ∞          Reflect  .   v - +2 hat
rElec   .          Harm     .   n - +2 ratskin cloak {*Rats rPois rN+ Str-1 Int-1 Dex+1}
rCorr   .          Rampage  .   h - +0 pair of gloves
Will    .....                   k - +0 pair of boots
Stlth   ..........              (no amulet)
HPRegen 0.00/turn               f - ring of willpower
MPRegen 0.11/turn               u - +4 ring of protection

@: mighty, weak-willed, inhibited regen
A: claws 1, cold resistance 1, negative energy resistance 3, inhibited
regeneration, torment resistance 2
a: no special abilities


You were on level 6 of the Dungeon.
You visited 1 branch of the dungeon, and saw 7 of its levels.

You collected 311 gold pieces.
You spent 276 gold pieces at shops.

Inventory:

Hand Weapons
 a - a +0 war axe
 y - a +2 whip of freezing (weapon)
   (You took it off Pikel on level 5 of the Dungeon)
Missiles
 i - 13 poisoned darts
 t - 5 boomerangs
Armour
 b - a +0 scale mail (worn)
 c - a +0 buckler (worn)
 h - a +0 pair of gloves (worn)
   (You found it on level 4 of the Dungeon)
 k - a +0 pair of boots (worn)
   (You found it on level 2 of the Dungeon)
 n - the +2 ratskin cloak (worn) {*Rats rPois rN+ Str-1 Int-1 Dex+1}
   (You found it on level 2 of the Dungeon)

   When the wearer is hurt, rats may emerge from it to assist them.
   Str:       It affects your strength (-1).
   Int:       It affects your intelligence (-1).
   Dex:       It affects your dexterity (+1).
   rPois:     It protects you from poison.
   rN:        It protects you from negative energy.
 v - a +2 hat (worn)
   (You found it on level 3 of the Dungeon)
Jewellery
 f - a ring of willpower (left hand)
   (You found it on level 1 of the Dungeon)
 u - a +4 ring of protection (right hand)
   (You found it on level 3 of the Dungeon)
Wands
 q - a wand of paralysis (10)
   (You found it on level 7 of the Dungeon)
 w - a wand of digging (3)
   (You took it off Ijyb on level 5 of the Dungeon)
 x - a wand of mindburst (3) (quivered)
   (You found it on level 4 of the Dungeon)
 B - a wand of iceblast (6)
   (You found it on level 4 of the Dungeon)
Scrolls
 e - 4 scrolls of teleportation {@r4}
 j - 2 scrolls of magic mapping {unknown}
 m - 2 scrolls of enchant weapon {unknown}
 o - 3 scrolls of immolation {!r}
 p - 4 scrolls of torment
 s - 2 scrolls of blinking {unknown}
Potions
 d - a potion of might
 g - a potion of heal wounds {unknown}
 l - 2 potions of curing {@q1}
 z - a potion of attraction {unknown}
 A - a potion of haste {@q3}
 C - 4 potions of mutation {unknown}
 D - a potion of lignification {unknown}
 E - a potion of resistance
 F - a potion of cancellation {unknown}


   Skills:
 + Level 3.3 Fighting
 * Level 9.2 Axes
 + Level 2.7 Armour
 + Level 0.2 Dodging
 + Level 0.3 Stealth
 + Level 6.9 Shields


You had 8 spell levels left.
You didn't know any spells.
Your spell library was empty.

Dungeon Overview and Level Annotations

Branches:
Dungeon (7/15)
 Temple: D:4-7

Altars:
Ashenzari

Shops:
D:3 [   D:6 *

Annotations:
D:6 1 runed translucent door, exclusions: 2 electric eels and 1 more exclusion, Crazy Yiuf


Innate Abilities, Weirdness & Mutations

You thrive by killing the living.
You are immune to poison.
You have sharp fingernails.
Your flesh is cold resistant. (rC+)
You are immune to negative energy. (rN+++)
You do not regenerate when monsters are visible.
You are immune to unholy pain and torment.


Message History

You hit Dowan. You freeze Dowan. Dowan hits you but does no damage.
You closely miss Dowan. You block Dowan's attack.
You closely miss Dowan. You block Dowan's attack.
You closely miss Dowan.
Dowan mumbles some strange words.
Dowan blinks!
Dowan hits you but does no damage.
Things that are here:
a +0 short sword; a +2 leather armour of cold resistance; the elf corpse of Duvessa Dowan barely misses you.
You hit Dowan. You freeze Dowan. You block Dowan's attack.
You closely miss Dowan. You block Dowan's attack.
Dowan hits you but does no damage.
You hit Dowan. You freeze Dowan.
You kill Dowan!
You feel better.
Items here: )) [[ †.
Items here: )) [[ †.
Okay, then.
G - a +2 leather armour of cold resistance You start removing your armour.
You continue taking off your +0 scale mail. x4
You finish taking off your +0 scale mail.
You start putting on your armour.
You continue putting on your +2 leather armour of cold resistance. x5
You finish putting on your +2 leather armour of cold resistance.
You feel resistant to cold.
Okay, then.
You start removing your armour.
You continue taking off your +2 leather armour of cold resistance. x4
You finish taking off your +2 leather armour of cold resistance.
You feel less resistant to cold.
You start putting on your armour.
You continue putting on your +0 scale mail. x5
You finish putting on your +0 scale mail.
You drop a +2 leather armour of cold resistance.
Could not explore, unopened door.
Could not explore, unopened door.
Could not explore, unopened door.
You open the gate.
There is an open gate here.
There is an open gate here.
Found Xiad's Assorted Antiques.
A black bear comes into view.
The black bear growls angrily.
A black bear is nearby!
A black bear is nearby!
The black bear barely misses you.
The black bear claws you but does no damage.
The black bear closely misses you.
You closely miss the black bear. The black bear barely misses you.
The black bear claws you but does no damage. x2
You hit the black bear. You freeze the black bear.
The black bear bites you but does no damage.
The black bear claws you but does no damage.
The black bear barely misses you.
You hit the black bear. You freeze the black bear. The black bear bites you.
The black bear claws you but does no damage.
You block the black bear's attack.
You whack the black bear! You freeze the black bear.
You hit the black bear but do no damage.
The black bear goes berserk!
You closely miss the black bear. You block the black bear's attack. x2
The black bear claws you but does no damage.
You hit the black bear. You freeze the black bear. The black bear bites you!
The black bear claws you but does no damage.
The black bear closely misses you. You block the black bear's attack. x3
You barely miss the black bear. The black bear barely misses you.
You block the black bear's attack. The black bear barely misses you.
You hit the black bear. You freeze the black bear.
You kill the black bear!
You feel better.
No target in view!
There is an entrance to Xiad's Assorted Antiques here.
m - 2 scrolls labelled FEWOKK BUIMOFINA (gained 1)
e - 4 scrolls of teleportation {@r4} (gained 1)
G - a ring of poison resistance
r - 4 scrolls of identify {@r1} (gained 1)
s - 2 scrolls labelled SOPPAU DONAUMM (gained 1) Thank you for shopping at Xiad's Assorted Antiques!
You drop a ring of poison resistance.
As you read the scroll of identify {@r1}, it crumbles to dust.
q - a scroll of noise
As you read the scroll of identify {@r1}, it crumbles to dust.
o - 3 scrolls of immolation
As you read the scroll of identify {@r1}, it crumbles to dust.
l - 2 potions of curing
As you read the scroll of identify {@r1}, it crumbles to dust.
E - a potion of resistance You drop a scroll of noise {!r}.
There is an open gate here.
An electric eel is nearby!
Really walk into a travel-excluded area? [Y]es or [N]o only, please.
Really walk into a travel-excluded area?
Okay, then.
An electric eel is nearby!
There is an open gate here.
There is a stone staircase leading down here.
You climb downwards.
You hear the roar of battle.
There is an entrance to a bailey on this level.
Hurry and find it before the portal closes forever!
Found a robe and 10 gold pieces.
There is a stone staircase leading up here.
You now have 35 gold pieces (gained 10).
q - a wand of paralysis (10)
A wraith comes into view.
A death knight comes into view. It is wielding a +3 glaive.
You hear the faint creaking of a very distant portcullis.
The death knight shouts!
The death knight moves out of view.
The death knight offers itself to Yredelemnul, and fills with unholy energy.
Found 23 stones.
A phantasmal warrior comes into view.
Found 18 stones.
The phantasmal warrior gestures at you.
The phantasmal warrior blinks!
The phantasmal warrior gestures at you.
The phantasmal warrior blinks!
The phantasmal warrior hits you!
The phantasmal warrior closely misses you.
The phantasmal warrior gestures at you.
The phantasmal warrior blinks!
The phantasmal warrior gestures at you.
The phantasmal warrior blinks!
There is a stone staircase leading up here.
The phantasmal warrior hits you but does no damage.
You climb upwards.
Level annotation: 1 runed translucent door, exclusions: 2 electric eels and 1 more exclusion, Crazy Yiuf
There is a stone staircase leading down here.
You closely miss the phantasmal warrior.
You hit the phantasmal warrior. You freeze the phantasmal warrior.
The phantasmal warrior hits you!
Your willpower is stripped away!
You hit the phantasmal warrior.
The phantasmal warrior barely misses you.
You barely miss the phantasmal warrior. The phantasmal warrior hits you!!
* * * LOW HITPOINT WARNING * * *
You closely miss the phantasmal warrior.
The phantasmal warrior hits you.
* * * LOW HITPOINT WARNING * * *
Okay, then.
Here: a phantasmal warrior (lightly damaged)
The floor.
You feel very mighty all of a sudden.
The phantasmal warrior hits you but does no damage.
You barely miss the phantasmal warrior. The phantasmal warrior hits you!!
* * * LOW HITPOINT WARNING * * *
You barely miss the phantasmal warrior. You hit the phantasmal warrior.
You freeze the phantasmal warrior. The phantasmal warrior hits you!!
You die...

#......#.#.####.....## ##.
#.#.#..#....##.......# ##
###.#.#..#....##.##.##.####
#.<......##...##.##.......##
#...#.#..###.###.##..####..#
#.......>........##..####..#
#.)#..#..#..........#.##..[.
#..#[##..#..#..#....#####...
#..#.##..#.@..###.......#...
#........#.W...#...........#
####.#######.##.#.###.######
##.#######.###...##.#
#.......##.###'''####
#..####.####≈≈...≈≈##
#..#.....##≈≈#...#≈≈##
#....##.##≈≈#.#.#.#≈≈#####
#.#######≈≈#...#...#≈≈##..


You could see a phantasmal warrior.

Vanquished Creatures
  Pikel (D:5)
  2 water moccasins
  Duvessa (D:6)
  A sky beast (D:5)
  A black bear (D:6)
  3 ogres
  A phantom (D:6)
  A kobold brigand (D:4)
  A scorpion (D:6)
  A water moccasin zombie (D:5)
  A water moccasin skeleton (D:5)
  Dowan (D:6)
  2 jellies
  A centaur skeleton (D:6)
  An orc priest (D:3)
  3 iguanas
  2 orc wizards (D:4)
  A howler monkey zombie (D:6)
  4 gnolls
  3 adders
  A white imp (D:4)
  3 worms
  2 dart slugs
  5 orcs
  2 ball pythons
  3 bats
  7 endoplasms
  3 giant cockroaches
  11 goblins
  6 hobgoblins
  2 quokkas
  4 frilled lizards
  A jackal skeleton (D:4)
  9 kobolds
  3 rats (D:3)
94 creatures vanquished.

Vanquished Creatures (collateral kills)
  A hornet zombie (D:6)
  A centaur (D:5)
  Ijyb (D:5)
  An iguana (D:5)
4 creatures vanquished.

Grand Total: 98 creatures vanquished

Notes
Turn   | Place    | Note
-------+----------+-------------------------------------------
     0 | D:1      | CryoSword the Ghoul Fighter began the quest for the Orb.
     0 | D:1      | Reached XP level 1. HP: 19/19 MP: 0/0
    91 | D:1      | Reached skill level 2 in Axes
   181 | D:1      | Reached XP level 2. HP: 25/26 MP: 1/1
   872 | D:1      | Reached XP level 3. HP: 27/31 MP: 2/2
  1125 | D:2      | Reached skill level 3 in Axes
  1681 | D:2      | Reached XP level 4. HP: 38/38 MP: 3/3
  1938 | D:2      | Found the +2 ratskin cloak {*Rats rPois rN+ Str-1 Int-1
                  | Dex+1}
  2240 | D:3      | Found Logoev's Antique Armour Boutique.
  2297 | D:3      | Found a faded altar of an unknown god.
  2648 | D:3      | Found a broken altar of Ashenzari.
  2747 | D:3      | Reached XP level 5. HP: 42/45 MP: 4/4
  2749 | D:3      | Reached skill level 4 in Axes
  3158 | D:4      | Noticed a kobold brigand
  3174 | D:4      | Killed a kobold brigand
  3175 | D:4      | Reached XP level 6. HP: 36/51 MP: 5/5
  3554 | D:4      | Reached skill level 5 in Axes
  4380 | D:4      | Reached XP level 7. HP: 53/57 MP: 6/6
  4648 | D:5      | Entered Level 5 of the Dungeon
  4668 | D:5      | Reached skill level 6 in Axes
  4912 | D:5      | Noticed Ijyb
  4924 | D:5      | Reached skill level 5 in Shields
  4927 | D:5      | Killed Ijyb
  5027 | D:5      | Noticed Pikel
  5034 | D:5      | Killed Pikel
  5035 | D:5      | Reached skill level 7 in Axes
  5035 | D:5      | Reached XP level 8. HP: 62/63 MP: 7/7
  5279 | D:5      | Reached skill level 8 in Axes
  5764 | D:6      | Reached XP level 9. HP: 70/70 MP: 8/8
  5792 | D:6      | Noticed Dowan
  6180 | D:6      | Found a runed translucent door.
  6181 | D:6      | Noticed Crazy Yiuf
  6360 | D:6      | Reached skill level 9 in Axes
  6445 | D:6      | Noticed Duvessa
  6518 | D:6      | Killed Duvessa
  6529 | D:6      | Killed Dowan
  6672 | D:6      | Found Xiad's Assorted Antiques.
  6707 | D:6      | Bought a scroll labelled FEWOKK BUIMOFINA for 23 gold
                  | pieces
  6707 | D:6      | Bought a scroll of teleportation for 69 gold pieces
  6707 | D:6      | Bought a coral ring for 115 gold pieces
  6707 | D:6      | Bought a scroll of identify for 46 gold pieces
  6707 | D:6      | Bought a scroll labelled SOPPAU DONAUMM for 23 gold pieces
  6852 | D:7      | Noticed a death knight
  6877 | D:7      | Noticed a phantasmal warrior
  6901 | D:6      | HP: 2/70 [phantasmal warrior[a death knight] (21)]
  6903 | D:6      | Annihilated by a phantasmal warrior

Illustrated notes

Levels and vault maps discovered:
D:1:      minmay_arrival_solitary_statue, layout_basic, serial_park_tiny_pond
D:2:      layout_loops_ring, minmay_misc_feat_cross, grunt_decor_mini_mirrors,
          serial_bayou_crossing
D:3:      layout_rooms, old_standard_altar, ebering_ecumenical_altar_box,
          serial_shops, shop, grunt_decor_cap
D:4:      layout_basic, serial_curves, eino_curves_03, eino_curves_04,
          eino_curves_03, eino_curves_04
D:5:      layout_basic, uniq_ijyb, uniq_pikel
D:6:      layout_loops_cross, serial_shops, shop, minmay_misc_feat_square,
          chequers_serial_rivers_micro_d, minivault_24,
          kennysheep_cluttered_room, uniq_duvessa, uniq_crazy_yiuf_cottage
D:7:      layout_basic, minmay_temple_entry_antechambers, enter_bailey_2,
          kennysheep_crisscross, grunt_decor_resistance, uniq_prince_ribbit1

Skill      XL: |  1  2  3  4  5  6  7  8  9 |
---------------+----------------------------+-----
Axes           | 2 3 4 5 7 8 9 |  9.2
Shields        | 3 4 5 6 |  6.9
Fighting       | |  3.3
Armour         | |  2.7
Dodging        | |  0.2
Stealth        | |  0.3

Action                   |  1- 3 |  4- 6 |  7- 9 || total
-------------------------+-------+-------+-------++-------
Melee: War axe           |   106 |   168 |    26 ||   300
       Whip              |       |       |   174 ||   174
Throw: Dart              |       |     2 |       ||     2
Evoke: Wand              |       |     9 |     7 ||    16
  Use: Scroll            |     1 |     3 |     4 ||     8
       Potion            |       |       |     1 ||     1
 Stab: Paralysed         |       |     3 |       ||     3
Armor: Scale mail        |    68 |    77 |   106 ||   251
Dodge: Dodged            |    76 |    54 |    58 ||   188
Block: Buckler           |    27 |    27 |    45 ||    99
